 Dungeon Crawl Stone Soup version 0.31-a0-940-gdaa99269f9 (webtiles) character file.

Game seed: 5740390380431549671

4276 Dittersdorf the Protected (level 10, 0/65 HPs)
             Began as a Gargoyle Fighter on Oct 20, 2023.
             Was an Elder of Okawaru.
             Slain by a slime creature (7 damage)
             ... on level 8 of the Dungeon.
             The game lasted 00:13:41 (6955 turns).

Dittersdorf the Protected (Gargoyle Fighter)        Turns: 6955, Time: 00:13:42

Health: 0/65       AC: 23    Str: 23    XL:     10   Next: 31%
Magic:  10/10      EV:  8    Int: 10    God:    Okawaru [****..]
Gold:   304        SH:  5    Dex:  9    Spells: 9/9 levels left

rFire   . . .        q - +0 morningstar
rCold   + . .        c - +0 buckler
rNeg    + . .        y - +1 chain mail
rPois   ∞            B - +0 helmet
rElec   +            t - +0 cloak
rCorr   .            (no gloves)
SInv    .            h - +0 pair of boots
Will    .....        (no amulet) Stlth
                     e - +4 ring of slaying
HPRegen 0.30/turn    u - ring of protection from cold
MPRegen 0.12/turn

%: no passive effects
@: no status effects
A: sickness immunity, AC +7, negative energy resistance 1, electricity
resistance, torment resistance 1, petrification resistance
a: Renounce Religion, Heroism, Finesse


You were on level 8 of the Dungeon.
You worshipped Okawaru.
Okawaru was greatly pleased with you.
You visited 2 branches of the dungeon, and saw 9 of its levels.
You also visited: Ossuary.

You collected 304 gold pieces.

Inventory:

Hand Weapons
 q - a +0 morningstar (weapon)
Armour
 c - a +0 buckler (worn)
 h - a +0 pair of boots (worn)
 i - the -1 pair of gloves of the Everdark {Rampage rC+++ MP+9 Str-3}
   (You found it on level 2 of the Dungeon)

   Str-3:     It affects your strength (-3).
   rC+++:     It renders you almost immune to cold.
   MP+9:      It affects your magic capacity (+9).
   Rampage:   It bestows one free step when moving towards enemies.
 t - a +0 cloak (worn)
 y - a +1 chain mail (worn)
 B - a +0 helmet (worn)
Magical Staves
 w - a staff of earth
Jewellery
 e - a +4 ring of slaying (left hand)
 u - a ring of protection from cold (right hand)
 C - a ring of fire
Wands
 r - a wand of flame (8) (quivered)
 x - a wand of iceblast (7)
Scrolls
 b - 4 scrolls of teleportation
 g - 4 scrolls of blinking
 m - a scroll of enchant weapon
 p - 3 scrolls of fear
 s - 3 scrolls of identify
 v - a scroll of silence
 z - a scroll of brand weapon
 A - 2 scrolls of enchant armour
Potions
 a - a potion of berserk rage
 d - 3 potions of might
 f - 2 potions of mutation
 j - 2 potions of invisibility
 k - 2 potions of heal wounds
 l - a potion of magic
 n - 2 potions of enlightenment
 o - a potion of brilliance


   Skills:
 + Level 8.7 Fighting
 + Level 7.6 Maces & Flails
 + Level 8.8 Armour
 + Level 8.7 Shields


You had 9 spell levels left.
You didn't know any spells.
Your spell library contained the following spells:

 Spells                   Type           Power      Damage    Failure   Level
 Wereblood                Tmut           0%         N/A       97%         2
 Sublimation of Blood     Necr           Unusable   N/A       N/A         2
 Summon Hydra             Summ           Unusable   N/A       N/A         7

Dungeon Overview and Level Annotations

Branches:
Dungeon (8/15)             Temple (1/1) D:4         Ossuary (visited)
   Lair: D:8-11

Altars:
Ashenzari
Cheibriados
Dithmenos
Elyvilon
Fedhas
Gozag
Hepliaklqana
Kikubaaqudgha
Makhleb
Nemelex Xobeh
Okawaru
Qazlal
Ru
Sif Muna
Trog
Uskayaw
Vehumet
Wu Jian
Xom
Yredelemnul
Zin
The Shining One


Innate Abilities, Weirdness & Mutations

You are immune to sickness and miasma.
Your stone body is resilient. (AC +7)
You are immune to poison.
You resist negative energy. (rN+)
You are resistant to electric shocks. (rElec)
You are resistant to unholy torment.
You are immune to petrification.


Message History

You hit the slime creature.
The slime creature is severely wounded.
The very large slime creature hits you!!
The slime creature hits you but does no damage.
The slime creature hits you!
* * * LOW HITPOINT WARNING * * *
You are too injured to fight recklessly!
You are too injured to fight recklessly!
You are too injured to fight recklessly!
You are too injured to fight recklessly!
You are too injured to fight recklessly!
You are too injured to fight recklessly!
You are too injured to fight recklessly!
You are too injured to fight recklessly!
You are too injured to fight recklessly!
You are too injured to fight recklessly!
You are too injured to fight recklessly!
You are too injured to fight recklessly!
You are too injured to fight recklessly!
You are too injured to fight recklessly!
You are too injured to fight recklessly!
You are too injured to fight recklessly!
You are too injured to fight recklessly!
The slime creature hits you but does no damage.
Two slime creatures merge to form an enormous slime creature.
The slime creature attacks as it pursues you!
The slime creature hits you.
* * * LOW HITPOINT WARNING * * *
The slime creature attacks as it pursues you!
You block the slime creature's attack.
The slime creature attacks as it pursues you!
The slime creature barely misses you.
The slime creature attacks as it pursues you!
The slime creature hits you!
* * * LOW HITPOINT WARNING * * *
The slime creature attacks as it pursues you!
The slime creature barely misses you.
The slime creature attacks as it pursues you!
The slime creature hits you!
You die...

### ###
#####<############.#
................@J.#
.####.############.########
#.# .................. #.#
........#.######## #.#
.######.#.# #.# #.#.# ..#
#.#.####### ##
#.######.#........ ..
..................


You could see a slime creature.

Vanquished Creatures
  Pikel (D:7)
  Maggie (D:6)
  Jeremiah (D:6)
  Grinder (D:3)
  A slime creature (D:8)
  A wyvern (D:8)
  Eustachio (D:4)
  A steam dragon (D:7)
  An ice beast (D:6)
  2 sky beasts (D:7)
  2 ogres (D:6)
  2 centaurs
  A lemure (D:7)
  3 bullfrogs
  2 scorpions
  2 kobold brigands
  3 wights (D:6)
  4 howler monkeys
  2 centaur zombies (Ossuary)
  6 hounds
  A human zombie (Ossuary)
  A gnoll bouda (D:7)
  2 jellies
  3 orc priests
  Crazy Yiuf (D:2)
  6 iguanas
  Ijyb (D:4)
  2 sleepcaps
  Natasha (thrice) (D:3)
  An orc wizard (D:6)
  3 mummies (Ossuary)
  14 gnolls
  5 adders
  A shadow imp (D:5)
  A white imp (D:5)
  3 worms
  A dart slug (D:1)
  16 orcs
  5 endoplasms
  3 giant cockroaches (D:4)
  4 goblins
  3 hobgoblins
  4 quokkas
  4 ball pythons
  6 bats
  5 frilled lizards
  2 goblin zombies (Ossuary)
  A hobgoblin zombie (Ossuary)
  15 kobolds
  A kobold zombie (Ossuary)
  An orc zombie (Ossuary)
  5 rats
162 creatures vanquished.

Notes
Turn   | Place    | Note
-------+----------+-------------------------------------------
     0 | D:1      | Dittersdorf the Gargoyle Fighter began the quest for the
                  | Orb.
     0 | D:1      | Reached XP level 1. HP: 14/14 MP: 1/1
   120 | D:1      | You fall into a shaft and drop 1 floor!
   195 | D:2      | Identified the -1 pair of gloves of the Everdark {Rampage
                  | rC+++ MP+9 Str-3}
   235 | D:2      | Found a runed translucent door.
   236 | D:2      | Noticed Crazy Yiuf
   343 | D:2      | Reached XP level 2. HP: 18/19 MP: 2/2
   390 | D:1      | Reached XP level 3. HP: 23/23 MP: 3/3
  1230 | D:3      | Found a faded altar of an unknown god.
  1400 | D:3      | Noticed Natasha
  1407 | D:3      | Killed Natasha
  1408 | D:3      | Reached XP level 4. HP: 25/29 MP: 4/4
  1644 | D:3      | Noticed Grinder
  1664 | D:3      | Killed Grinder
  1665 | D:3      | Reached XP level 5. HP: 10/34 MP: 5/5
  1665 | D:3      | Reached XP level 6. HP: 12/39 MP: 6/6
  1826 | D:3      | Noticed Natasha
  1847 | D:3      | Killed Natasha
  2042 | D:3      | Noticed Natasha
  2049 | D:3      | Killed Natasha
  2336 | D:4      | Noticed Eustachio
  2460 | D:3      | Reached skill level 5 in Fighting
  2460 | D:3      | Reached skill level 5 in Armour
  2460 | D:3      | Reached skill level 5 in Shields
  2460 | D:3      | Reached XP level 7. HP: 24/44 MP: 7/7
  2555 | D:4      | Killed Eustachio
  2879 | D:2      | Killed Crazy Yiuf
  3033 | D:4      | Noticed Ijyb
  3051 | D:4      | Killed Ijyb
  3260 | D:4      | Found a staircase to the Ecumenical Temple.
  3266 | Temple   | Entered the Ecumenical Temple
  3313 | Temple   | Became a worshipper of Warmaster Okawaru
  3438 | D:5      | Entered Level 5 of the Dungeon
  3578 | D:5      | Found a sand-covered staircase.
  3585 | Ossuary  | Entered an ossuary
  3665 | Ossuary  | Reached XP level 8. HP: 51/51 MP: 8/8
  4142 | D:5      | Reached skill level 5 in Maces & Flails
  4352 | D:6      | Noticed Jeremiah
  4365 | D:5      | Reached * piety under Okawaru
  4488 | D:6      | Killed Jeremiah
  4785 | D:6      | Reached XP level 9. HP: 49/56 MP: 9/9
  4870 | D:6      | Reached ** piety under Okawaru
  5549 | D:6      | Noticed Maggie
  5566 | D:6      | Killed Maggie
  5957 | D:6      | Reached *** piety under Okawaru
  6357 | D:7      | Found a glowing silver altar of Zin.
  6362 | D:7      | Reached XP level 10. HP: 64/64 MP: 10/10
  6404 | D:7      | Noticed Pikel
  6427 | D:7      | Killed Pikel
  6698 | D:7      | Reached **** piety under Okawaru
  6955 | D:8      | Slain by a slime creature

Illustrated notes

Levels and vault maps discovered:
D:1:      wander_arrival_abandoned_jail, layout_loops_ring
D:2:      layout_rooms, grunt_ministairs_12, uniq_crazy_yiuf_cottage
D:3:      layout_basic, nicolae_ecumenical_oubliette, uniq_grinder, uniq_natasha
D:4:      layout_cave_pools, minmay_temple_entry_waves, uniq_ijyb,
          uniq_eustachio
D:5:      layout_basic, chequers_ossuary_entry_cave, minmay_misc_feat_pillars,
          roderic_lattice_a, nrook_campfire
D:6:      layout_basic, uniq_jeremiah, uniq_maggie
D:7:      layout_loops_ring, lemuel_crystal_altar, corexii_hall_statues_l,
          minmay_bent, uniq_pikel
D:8:      layout_basic, erik_lair_island, serial_corexii_hall,
          corexii_hall_statues_t, corexii_hall_statues_s
Temple:   kilobyte_greek_temple

Skill      XL: |  1  2  3  4  5  6  7  8  9 |
---------------+----------------------------+-----
Shields        | 4 5 6 8 |  8.7
Fighting       | 4 5 6 8 |  8.7
Armour         | 4 5 6 8 |  8.8
Maces & Flails | 3 4 5 7 |  7.6

Action                     |  1- 3 |  4- 6 |  7- 9 | 10-12 || total
---------------------------+-------+-------+-------+-------++-------
  Melee: Flail             |   131 |   103 |   184 |       ||   418
         Morningstar       |       |       |   205 |    53 ||   258
  Throw: Dart              |       |       |    12 |       ||    12
  Evoke: Wand              |       |       |    12 |     6 ||    18
    Use: Scroll            |       |       |    20 |       ||    20
 Armour: Scale mail        |   109 |   102 |   107 |       ||   318
         Chain mail        |       |       |   285 |    49 ||   334
  Dodge: Dodged            |    69 |    51 |   226 |    24 ||   370
  Block: Buckler           |    38 |    23 |   124 |    14 ||   199

Table legend: (Time is in decaauts)
 A = Elapsed time spent in this place.
 B = Non-inter-level travel time spent in this place.
 C = Inter-level travel time spent in this place.
 D = Time resting spent in this place.
 E = Time spent auto-exploring this place.
 F = Levels seen in this place.
 G = Mean time per level.
                   A        B        C        D        E       F      G
               +--------+--------+--------+--------+--------+-----+--------+
         Total |   7126 |   6764 |    362 |   1145 |   3671 |  10 |  712.6 |
       Dungeon |   6800 |   6481 |    319 |   1117 |   3659 |   8 |  850.0 |
        Temple |     84 |     41 |     43 |      0 |      0 |   1 |   84.0 |
       Ossuary |    241 |    241 |      0 |     28 |     12 |   1 |  241.0 |
               +--------+--------+--------+--------+--------+-----+--------+

Top non-repeatable levels by time:
     D:6: 1529 daAuts
     D:3: 1143 daAuts
     D:4: 897 daAuts
     D:7: 884 daAuts
     D:5: 803 daAuts
     D:2: 737 daAuts
     D:1: 664 daAuts
 Ossuary: 241 daAuts
     D:8: 140 daAuts
  Temple: 84 daAuts
